 Dungeon Crawl Stone Soup version 0.31-a0-1388-g4b2ba238e7 (webtiles) character file.

Game seed: 4156124729013758953

21515 grandjackal the Fighter (level 12, -2/108 HPs)
             Began as a Demonspawn Gladiator on Dec 24, 2023.
             Was an Initiate of Gozag.
             Engulfed by a cloud of poison gas (6 damage)
             ... on level 11 of the Dungeon.
             The game lasted 00:17:23 (11881 turns).

grandjackal the Fighter (Demonspawn Gladiator)     Turns: 11881, Time: 00:17:23

Health: -2/108     AC: 19    Str: 15    XL:     12   Next: 54%
Magic:  21/21      EV: 16    Int: 10    God:    Gozag
Gold:   2270       SH:  0    Dex: 23    Spells: 11/11 levels left

rFire   + . .        U - +4 scimitar (flame)
rCold   . . .        (no shield)
rNeg    + . .        P - +3 ring mail {Will+}
rPois   .            c - +0 helmet
rElec   .            (cloak unavailable)
rCorr   .            Q - +1 pair of gloves of Pride {Rampage rF+}
SInv    .            N - +1 pair of boots
Will    .....        y - amulet of the acrobat Stlth
                     a - ring of Deafoeni {rN+ MP+9 Dex+5}
HPRegen 0.38/turn    x - +4 ring of protection
MPRegen 0.17/turn

%: acrobat, rampage
@: brilliant, lethally poisoned (-2 -> -27), silenced, weak-willed
A: rugged brown scales 2, foul stench 2, icemail 1, condensation shield,
weakness stinger 3
a: Renounce Religion


You were on level 11 of the Dungeon.
You worshipped Gozag.
Gozag was most pleased with you.
You visited 1 branch of the dungeon, and saw 14 of its levels.
You also visited: Ossuary and Bailey.

You collected 2919 gold pieces.
You spent 622 gold pieces at shops.
You paid 27 gold pieces to Gozag.

Inventory:

Hand Weapons
 U - a +4 scimitar of flaming (weapon)
Missiles
 d - 6 throwing nets (quivered)
 e - a javelin
 D - 2 silver javelins
Armour
 c - a +0 helmet (worn)
 N - a +1 pair of boots (worn)
 O - a +1 ring mail of fire resistance
 P - a +3 ring mail of willpower (worn)
 Q - the +1 pair of gloves of Pride (worn) {Rampage rF+}
   (You found it in a bailey)

   rF+:       It protects you from fire.
   Rampage:   It bestows one free step when moving towards enemies.
Jewellery
 a - the ring of Deafoeni (left hand) {rN+ MP+9 Dex+5}
   (You bought it in a shop on level 5 of the Dungeon)

   [ring of magical power]

   Dex+5:     It affects your dexterity (+5).
   rN+:       It protects you from negative energy.
   MP+9:      It affects your magic capacity (+9).
 k - a ring of protection from cold
 w - a ring of resist corrosion
 x - a +4 ring of protection (right hand)
 y - an amulet of the acrobat (around neck)
 J - a +5 ring of evasion
 K - a ring of positive energy
Wands
 I - a wand of flame (3)
 L - a wand of acid (6)
 S - a wand of polymorph (3)
Scrolls
 g - 4 scrolls of enchant weapon
 h - a scroll of immolation
 i - 16 scrolls of identify {unknown}
 j - 3 scrolls of vulnerability
 l - 2 scrolls of enchant armour
 m - a scroll of poison
 p - 2 scrolls of silence
 q - a scroll of fear {unknown}
 t - a scroll of butterflies {unknown}
 z - 6 scrolls of teleportation {unknown}
 C - a scroll of blinking {unknown}
 E - 3 scrolls of noise {unknown}
 T - a scroll of torment {unknown}
Potions
 n - 3 potions of degeneration {unknown}
 o - 3 potions of lignification
 r - 4 potions of magic {unknown}
 s - 2 potions of heal wounds {unknown}
 u - 6 potions of enlightenment {unknown}
 v - a potion of brilliance
 A - a potion of might {unknown}
 B - 3 potions of attraction {unknown}
 F - a potion of berserk rage {unknown}
 G - 4 potions of mutation {unknown}
 H - a potion of cancellation {unknown}
 M - 2 potions of resistance


   Skills:
 + Level 12.5 Fighting
 + Level 11.6 Long Blades
 - Level 2.0 Throwing
 - Level 8.0 Dodging
 + Level 9.0 Evocations


You had 11 spell levels left.
You didn't know any spells.
Your spell library contained the following spells:

 Spells                   Type           Power      Damage    Failure   Level
 Magic Dart               Conj           0%         1d3       58%         1
 Slow                     Hex            0%         N/A       58%         1
 Ensorcelled Hibernation  Hex/Ice        0%         N/A       75%         2
 Searing Ray              Conj           0%         2d4       75%         2
 Confusing Touch          Hex            0%         N/A       92%         3
 Fugue of the Fallen      Necr           0%         N/A       92%         3
 Sigil of Binding         Hex            0%         N/A       92%         3
 Tukima's Dance           Hex            0%         N/A       92%         3
 Vampiric Draining        Necr           0%         2d6       92%         3
 Anguish                  Hex/Necr       0%         N/A       100%        4
 Dimensional Bullseye     Hex/Tloc       0%         N/A       100%        4
 Fulminant Prism          Conj/Alch      0%         3d5       100%        4
 Iskenderun's Mystic Bla  Conj/Tloc      0%         2d3       100%        4
 Conjure Ball Lightning   Conj/Air       0%         3x3d6     100%        6
 Discord                  Hex            0%         N/A       100%        8
 Disjunction              Tloc           0%         N/A       100%        8


Dungeon Overview and Level Annotations

Branches:
Dungeon (14/15)            Temple (0/1) D:5            Lair (0/5) D:8
    Orc (0/2) D:10        Ossuary (visited)          Bailey (visited)
 Vaults: D:13-14

Altars:
Ashenzari
Cheibriados
Gozag
Hepliaklqana
Kikubaaqudgha
Makhleb
Okawaru
Qazlal
Ru
Vehumet
Wu Jian

Shops:
D:5 =   D:9 *

Annotations:
D:6 2 transporters
D:14 3 runed translucent doors, Kibis's ghost, journeyman DsGl


Innate Abilities, Weirdness & Mutations

You are mostly covered in rugged brown scales. (AC +2, +5% HP)
You sometimes emit foul miasma when damaged in melee.
A meltable icy envelope protects you from harm. (AC +0)
A meltable shield of frost defends you. (SH +0)
You have a sharp stinger which inflicts weakening toxins.


Message History

The green ugly thing misses you.
The white imp is distracted by your dazzling golden aura.
You see here 2 gold pieces.
Unknown command.
Unknown command.
Unknown command.
Okay, then.
As you read the scroll labelled OSSACZ FEALE, it crumbles to dust.
A profound silence engulfs you.
It was a scroll of silence.
You are engulfed in poison gas.
You are lethally poisoned!
* * * LOW HITPOINT WARNING * * *
x2 You feel extremely sick.
The ettin is engulfed in poison gas.
The ettin is poisoned.
Flame seeps out of the ettin.
The gargoyle misses you.
The green ugly thing is engulfed in blazing flames.
Flame seeps out of the green ugly thing.
The green ugly thing punches you but does no damage.
Unknown command.
You feel better.
You are engulfed in poison gas.
You are lethally poisoned!
The sentinel's mark upon you fades away.
* * * LOW HITPOINT WARNING * * *
You feel very sick.
Flame seeps out of the ettin.
The ettin is engulfed in poison gas.
The ettin looks even sicker.
Flame seeps out of the ettin.
The gargoyle completely misses you.
The deep troll earth mage points next to the centaur and mumbles some strange words.
Some rock shatters into small pieces.
A boulder beetle comes into view.
The green ugly thing is engulfed in blazing flames.
Flame seeps out of the green ugly thing.
The green ugly thing punches you but does no damage.
Unknown command.
It was a potion of brilliance.
You feel clever all of a sudden.
You are engulfed in poison gas.
You are more poisoned.
You die...
Your body crumbles into a pile of gold.

*,,*,* *,* * #..#,* *,*
#.$#,****,* **
######§§#....#^* ***,
######§§####.#.* *8,,
######§§####.#.* **,,,
#####§§.####.#.* *,,,,
######§9§###.#.* **,,,*
######§@#c##.#.# *,*,*,
######§.uCCC§§§# **,*,,,
#######§#Y#..### *,**,*,
#######5##c#.## **,*,,**
######5T5..TtB#**,*,*,*,
######..K9.HTB.,*,,*,,,*
#########.##.##,,,,,*,**
#########.##.##*8,,,,,,,
#########.##.##,,,,,*,**


You could see a frost giant (poisoned, weak-willed), a boulder beetle, a green
ugly thing (inner flame, weak-willed), 2 ettins, a fire crab, a manticore, a
deep troll earth mage, a kobold demonologist, a yak (inner flame, weak-willed),
2 trolls, a gargoyle (inner flame, unsilenced, weak-willed), a centaur
(unaware), a quasit (summoned, inner flame, weak-willed) and 2 white imps.

Vanquished Creatures
  Harold (D:9)
  Erolcha (D:9)
  4 two-headed ogres
  A centaur warrior (D:14)
  Erica (D:9)
  7 ugly things
  3 manticores
  2 gargoyles
  Jeremiah (D:7)
  Maggie (D:10)
  2 unseen horrors (D:11)
  An efreet (D:14)
  2 tengu conjurers (D:14)
  A komodo dragon (D:13)
  A meliai (D:13)
  2 trolls
  Grinder (D:5)
  A wyvern (D:8)
  14 yaks
  4 vampires
  Eustachio (D:5)
  2 steam dragons
  Edmund (D:4)
  2 vampire mosquitoes (D:12)
  Menkaure (D:5)
  2 acid dragons
  2 water moccasins (D:7)
  An ice beast (D:7)
  8 orc warriors
  5 sky beasts
  A black bear (D:7)
  8 centaurs
  Blork the orc (D:5)
  A gnoll sergeant (D:8)
  2 kobold brigands
  3 scorpions
  5 bullfrogs
  2 elf skeletons (D:6)
  7 wights
  6 killer bees (D:7)
  10 vampire bats (Bailey)
  7 wolf zombies (Bailey)
  2 hounds (D:6)
  A human zombie (D:6)
  2 jellies
  8 orc priests
  A bombardier beetle (D:6)
  3 iguanas
  A human skeleton (D:6)
  11 orc wizards
  4 scorpion zombies (Ossuary)
  3 mummies (Ossuary)
  11 gnolls
  4 adders
  3 shadow imps
  A white imp (D:5)
  2 ufetubi (D:6)
  3 adder zombies (Ossuary)
  5 worms
  A dart slug (D:3)
  43 orcs
  10 endoplasms
  2 giant cockroaches
  3 gnoll zombies (Ossuary)
  8 goblins
  11 hobgoblins
  7 jackals
  3 quokkas
  4 ball pythons
  4 bats
  2 frilled lizards
  2 jackal zombies (Ossuary)
  12 kobolds
  5 kobold zombies (Ossuary)
  2 orc skeletons (D:6)
  16 orc zombies (Bailey)
  2 rats (D:3)
331 creatures vanquished.

Vanquished Creatures (others)
  An unseen horror (D:11)
  A centaur (D:8)
  A gnoll (D:9)
3 creatures vanquished.

Grand Total: 334 creatures vanquished

Notes
Turn   | Place    | Note
-------+----------+-------------------------------------------
     0 | D:1      | grandjackal the Demonspawn Gladiator began the quest for
                  | the Orb.
     0 | D:1      | Reached XP level 1. HP: 16/16 MP: 1/1
   212 | D:1      | Gained mutation: You are partially covered in rugged brown
                  | scales. (AC +1, +3% HP) [demonic ancestry]
   212 | D:1      | Reached XP level 2. HP: 13/22 MP: 2/2
   746 | D:1      | Gained mutation: You may rarely emit foul miasma when
                  | damaged in melee. [demonic ancestry]
   746 | D:1      | Reached XP level 3. HP: 28/28 MP: 3/3
   924 | D:2      | Found an opulent altar of Gozag.
   980 | D:2      | Became a worshipper of Gozag Ym Sagoz the Greedy
  1339 | D:3      | Reached skill level 3 in Fighting
  1523 | D:3      | Gained mutation: You have a small tail. [demonic ancestry]
  1523 | D:3      | Reached XP level 4. HP: 36/36 MP: 4/4
  2161 | D:4      | Gained mutation: A meltable shield of frost defends you.
                  | (SH +0) [demonic ancestry]
  2161 | D:4      | Reached XP level 5. HP: 26/42 MP: 5/5
  2425 | D:4      | Found a snail-covered altar of Cheibriados.
  2495 | D:4      | Noticed Edmund
  2514 | D:4      | Killed Edmund
  2515 | D:4      | Reached skill level 4 in Fighting
  2515 | D:4      | Gained mutation: You have a tail ending in a sharp stinger.
                  | [demonic ancestry]
  2515 | D:4      | Reached XP level 6. HP: 47/49 MP: 6/6
  2775 | D:4      | Found an opulent altar of Gozag.
  2967 | D:5      | Entered Level 5 of the Dungeon
  2967 | D:5      | Found Kuaqomut's Jewellery Shoppe.
  2982 | D:5      | Found a burning altar of Makhleb.
  3155 | D:5      | Found an ornate altar of the Wu Jian Council.
  3274 | D:5      | Noticed Blork the orc
  3300 | D:6      | Noticed a steam dragon
  3326 | D:6      | HP: 1/50 [steam dragon/ball of steam (15)]
  3338 | D:6      | Killed a steam dragon
  3339 | D:6      | Reached XP level 7. HP: 4/56 MP: 7/7
  3507 | D:6      | Found a transporter.
  3634 | D:6      | Reached skill level 5 in Fighting
  3634 | D:6      | Reached skill level 5 in Long Blades
  3641 | D:6      | Found a sand-covered staircase.
  3655 | Ossuary  | Entered an ossuary
  3676 | Ossuary  | Reached skill level 5 in Dodging
  4040 | Ossuary  | Gained mutation: You have a sharp stinger which inflicts
                  | weakening toxins. [demonic ancestry]
  4040 | Ossuary  | Reached XP level 8. HP: 65/65 MP: 8/8
  4274 | D:5      | Killed Blork the orc
  4275 | D:5      | Reached skill level 6 in Fighting
  4281 | D:5      | Noticed Grinder
  4284 | D:5      | Paralysed by Grinder for 5 turns
  4307 | D:5      | Killed Grinder
  4506 | D:5      | Noticed Eustachio
  4521 | D:5      | Killed Eustachio
  4527 | D:5      | Found an ancient bone altar of Kikubaaqudgha.
  4786 | D:5      | Found a staircase to the Ecumenical Temple.
  4915 | D:5      | Noticed Menkaure
  4926 | D:5      | Killed Menkaure
  5384 | D:5      | Bought the ring of Deafoeni {rN+ MP+9 Dex+5} for 583 gold
                  | pieces
  5553 | D:6      | Reached skill level 7 in Fighting
  5808 | D:6      | Gained mutation: A meltable icy envelope protects you from
                  | harm. (AC +0) [demonic ancestry]
  5808 | D:6      | Reached XP level 9. HP: 68/74 MP: 9/9
  5921 | D:6      | Found a transporter.
  6510 | D:7      | Reached skill level 8 in Fighting
  6512 | D:7      | Found a hazy altar of Hepliaklqana.
  6513 | D:7      | Found an iron altar of Okawaru.
  6573 | D:7      | Noticed Jeremiah
  6746 | D:7      | Found a broken altar of Ashenzari.
  7414 | D:7      | Killed Jeremiah
  7574 | D:7      | Gained mutation: You are mostly covered in rugged brown
                  | scales. (AC +2, +5% HP) [demonic ancestry]
  7574 | D:7      | Reached XP level 10. HP: 67/86 MP: 10/10
  7720 | D:8      | Reached skill level 1 in Evocations
  7750 | D:8      | Found a stormy altar of Qazlal.
  7806 | D:8      | Reached skill level 9 in Fighting
  7939 | D:8      | Found a staircase to the Lair.
  7978 | D:8      | Noticed a cyan ugly thing
  7981 | D:8      | Found a sacrificial altar of Ru.
  7993 | D:8      | Killed a cyan ugly thing
  8410 | D:9      | Noticed a two-headed ogre
  8512 | D:9      | Killed a two-headed ogre
  8513 | D:9      | Reached skill level 10 in Fighting
  8528 | D:9      | Found Ogedwo Weaco's Changing Room.
  8528 | D:9      | Found a flagged portal.
  8537 | D:9      | Bought a potion of lignification for 39 gold pieces
  8575 | D:9      | Noticed a two-headed ogre
  8585 | D:9      | Killed a two-headed ogre
  8586 | D:9      | Reached skill level 5 in Evocations
  8611 | Bailey   | Entered a bailey
  8725 | Bailey   | Gained mutation: You sometimes emit foul miasma when
                  | damaged in melee. [demonic ancestry]
  8725 | Bailey   | Reached XP level 11. HP: 95/95 MP: 11/11
  9010 | Bailey   | Identified the staff of Carved Integrity {rElec rF- Str+5
                  | Int+4 Air}
  9246 | Bailey   | Identified the +1 pair of gloves of Pride {Rampage rF+}
  9299 | D:9      | Noticed Erica
  9315 | D:9      | Killed Erica
  9467 | D:9      | Noticed Erolcha
  9467 | D:9      | Noticed Maggie
  9487 | D:10     | Entered Level 10 of the Dungeon
  9507 | D:10     | Killed Maggie
  9539 | D:10     | Reached skill level 10 in Long Blades
  9621 | D:9      | Killed Erolcha
  9825 | D:9      | Noticed Harold
  9828 | D:9      | Reached skill level 11 in Fighting
  9833 | D:9      | Found a radiant altar of Vehumet.
  9846 | D:9      | Killed Harold
 10299 | D:10     | Found a staircase to the Orcish Mines.
 11070 | D:11     | You fall into a shaft and drop 3 floors!
 11095 | D:14     | Noticed a two-headed ogre
 11109 | D:14     | Killed a two-headed ogre
 11225 | D:14     | Noticed a centaur warrior
 11235 | D:14     | Killed a centaur warrior
 11236 | D:14     | Reached XP level 12. HP: 98/106 MP: 12/12
 11279 | D:14     | Found a runed translucent gate.
 11279 | D:14     | Noticed Kibis's ghost (journeyman DsGl)
 11280 | D:14     | Found a runed translucent gate.
 11281 | D:14     | Found a runed translucent gate.
 11336 | D:14     | Reached skill level 12 in Fighting
 11483 | D:14     | Noticed a five-headed hydra
 11854 | D:11     | Noticed a two-headed ogre
 11869 | D:11     | Killed a two-headed ogre
 11869 | D:11     | Noticed a centaur warrior
 11871 | D:11     | Noticed an ettin
 11871 | D:11     | Noticed an ettin
 11874 | D:11     | Noticed a frost giant
 11875 | D:11     | Noticed a deep troll earth mage
 11875 | D:11     | Noticed a tengu warrior
 11875 | D:11     | Noticed a boulder beetle
 11879 | D:11     | HP: 1/108 [poisoned by you (poison gas)]
 11880 | D:11     | Noticed a boulder beetle
 11881 | D:11     | Engulfed by a cloud of poison gas

Illustrated notes

Levels and vault maps discovered:
D:1:      dpeg_arrival_round_a, layout_loops_ring
D:2:      layout_rooms, basic_altar
D:3:      layout_basic, kennysheep_generic_room_16
D:4:      layout_rooms, slow_altar_1, mainiacjoe_overflow_cross_hatched,
          nicolae_eternal_life, uniq_edmund
D:5:      layout_layer_cave, general_overflow_altar,
          mainiacjoe_overflow_surrounded_room, lemuel_doored_altar,
          minmay_temple_entry_nine_rooms, nicolae_inconvenience_store,
          uniq_blork_the_orc, uniq_menkaure, uniq_grinder, uniq_eustachio
D:6:      gammafunk_cloud_chamber, layout_loops_ring,
          nicolae_ossuary_entry_catacombs
D:7:      layout_basic, mainiacjoe_overflow_six_doors_small,
          mainiacjoe_overflow_large_starburst, grunt_decor_cap, uniq_jeremiah
D:8:      layout_rooms, mainiacjoe_overflow_tiny_flanked,
          overflow_temple_1_default, lair_entry_dummy
D:9:      layout_cave_pools, mainiacjoe_overflow_chevrons, enter_bailey_2,
          nicolae_transmutations_shop, nrook_campfire, uniq_harold, uniq_maggie,
          uniq_erolcha, uniq_erica
D:10:     layout_loops_ring, nicolae_overflow_crystal_walls, david_orc_5
D:11:     minmay_complete_graph, layout_loops_ring,
          nrook_guardian_serpent_double, uniq_maurice
D:12:     layout_loops_ring, serial_shops, nicolae_shop_advertising_works
          [nicolae_subvault_shop_adworks]
D:13:     layout_loops_ring, serial_rivers, chequers_serial_rivers_micro_b,
          chequers_serial_rivers_small_b, chequers_serial_rivers_marsh,
          chequers_serial_rivers_room_a, chequers_serial_rivers_micro_e,
          chequers_serial_rivers_large_b, serial_shops,
          nicolae_shop_behind_doors
D:14:     layout_rooms, skrybe_vaults_entry_preservation, interstate_on_off,
          serial_corexii_hall, corexii_hall_statues_u, corexii_hall_statues_l,
          gammafunk_ghost_necromancy

Skill      XL: |  1  2  3  4  5  6  7  8  9 10 11 12 |
---------------+-------------------------------------+-----
Throwing       | 2 |  2.0
Long Blades    | 3 4 5 6 8 9 10 11 | 11.6
Dodging        | 3 4 5 6 8 |  8.0
Fighting       | 3 4 5 7 8 10 11 12 | 12.5
Evocations     | 5 7 9 |  9.0

Action                     |  1- 3 |  4- 6 |  7- 9 | 10-12 || total
---------------------------+-------+-------+-------+-------++-------
  Melee: Long sword        |   133 |   168 |   193 |       ||   494
         Tailslap          |       |    24 |    81 |   121 ||   226
         Punch             |       |     3 |     2 |    12 ||    17
         Scimitar          |       |       |   228 |   624 ||   852
  Throw: Throwing net      |       |     1 |       |     5 ||     6
  Evoke: Wand              |       |       |     4 |     9 ||    13
    Use: Potion            |       |     5 |       |     4 ||     9
         Scroll            |       |       |       |     7 ||     7
   Stab: Held in net/web   |       |     1 |       |     4 ||     5
         Distracted        |       |       |     1 |     3 ||     4
         Sleeping          |       |       |     1 |       ||     1
 Armour: Leather armour    |    96 |    10 |       |       ||   106
         Ring mail         |       |   110 |   267 |   404 ||   781
  Dodge: Dodged            |   109 |   107 |   321 |   449 ||   986
  Block: Other             |       |    17 |    95 |    67 ||   179

Table legend: (Time is in decaauts)
 A = Elapsed time spent in this place.
 B = Non-inter-level travel time spent in this place.
 C = Inter-level travel time spent in this place.
 D = Time resting spent in this place.
 E = Time spent auto-exploring this place.
 F = Levels seen in this place.
 G = Mean time per level.
                   A        B        C        D        E       F      G
               +--------+--------+--------+--------+--------+-----+--------+
         Total |  11931 |  11633 |    298 |   2190 |   6382 |  16 |  745.7 |
       Dungeon |  10824 |  10526 |    298 |   1864 |   6035 |  14 |  773.1 |
       Ossuary |    435 |    435 |      0 |    168 |    103 |   1 |  435.0 |
        Bailey |    671 |    671 |      0 |    158 |    244 |   1 |  671.0 |
               +--------+--------+--------+--------+--------+-----+--------+

Top non-repeatable levels by time:
     D:6: 1553 daAuts
     D:5: 1436 daAuts
     D:7: 1312 daAuts
    D:10: 1070 daAuts
     D:4: 963 daAuts
     D:1: 818 daAuts
     D:9: 811 daAuts
     D:8: 796 daAuts
     D:3: 771 daAuts
  Bailey: 671 daAuts
     D:2: 469 daAuts
 Ossuary: 435 daAuts
    D:14: 393 daAuts
    D:13: 339 daAuts
    D:11: 74 daAuts
